 Dungeon Crawl Stone Soup version 0.30-a0-782-ge64f9170bb (webtiles) character file.

Game seed: 1057481612215095084

322 kae the Firebug (level 6, -6/32 HPs)
             Began as a Tengu Fire Elementalist on Mar 1, 2023.
             Mangled by an ogre
             ... wielding a +0 giant spiked club
              (28 damage)
             ... on level 4 of the Dungeon.
             The game lasted 00:02:22 (4032 turns).

kae the Firebug (Tengu Fire Elementalist)           Turns: 4032, Time: 00:02:22

Health: -6/32      AC:  2    Str:  8    XL:     6   Next: 47%
Magic:  8/12       EV: 14    Int: 18    God:
Gold:   207        SH:  0    Dex: 14    Spells: 6/12 levels left

rFire   + . .      SeeInvis +    (no weapon)
rCold   x . .      Faith    .    (no shield)
rNeg    . . .      Spirit   .    a - +0 robe
rPois   .          Reflect  .    (helmet restricted)
rElec   .          Harm     .    (no cloak)
rCorr   .          Rampage  .    (no gloves)
Will    .....                    (boots unavailable)
Stlth   ++                       (no amulet)
HPRegen 0.25/turn                F - ring of fire
MPRegen 0.13/turn                v - ring of see invisible

@: flying quickly and evasively, quick
A: beak, talons 3, nimble flight
a: no special abilities


You were on level 4 of the Dungeon.
You visited 1 branch of the dungeon, and saw 4 of its levels.

You collected 207 gold pieces.


Innate Abilities, Weirdness & Mutations

You have a beak for a mouth.
You have claws for feet.
Your magical nature lets you fly swiftly and evasively.


   Skills:
 - Level 2.1 Dodging
 - Level 2.0 Stealth
 + Level 3.6 Spellcasting
 + Level 4.5 Conjurations
 + Level 1.4 Hexes
 + Level 5.0 Fire Magic


You had 6 spell levels left.
You knew the following spells:

 Your Spells              Type           Power      Damage    Failure   Level
a - Foxfire               Conj/Fire      100%       2x1d9     2%          1
b - Scorch                Fire           64%        2d8       3%          2
c - Inner Flame           Hex/Fire       22%        N/A       12%         3

Your spell library contained the following spells:

 Spells                   Type           Power      Damage    Failure   Level
 Magic Dart               Conj           76%        1d6       2%          1
 Searing Ray              Conj           38%        2d5       3%          2
 Momentum Strike          Conj/Tloc      22%        3d8       10%         2
 Flame Wave               Conj/Fire      30%        2d9       22%         4
 Blink                    Tloc           6%         N/A       24%         2
 Lesser Beckoning         Tloc           6%         N/A       24%         2
 Kindle Blastsparks       Fire/Tloc/Air  26%        2d12      24%         3
 Fulminant Prism          Conj/Hex       6%         3d7       41%         4

Inventory:

Missiles
 d - 48 stones
 e - 8 poisoned darts
 i - 3 boomerangs
 p - a throwing net {=f!f}
Armour
 a - a +0 robe (worn)
Jewellery
 v - a ring of see invisible (right hand)
   (You found it on level 1 of the Dungeon)
 D - a +6 ring of dexterity
   (You found it on level 3 of the Dungeon)
 F - a ring of fire (left hand)
   (You found it on level 1 of the Dungeon)
 Y - a +4 ring of slaying
   (You found it on level 4 of the Dungeon)
Wands
 f - a wand of polymorph (13)
   (You found it on level 2 of the Dungeon)
Scrolls
 g - 3 scrolls of identify {@r1}
 l - a scroll of vulnerability {unknown}
 m - a scroll of blinking {!r}
 n - a scroll of immolation {unknown}
 o - a scroll of torment {unknown}
Potions
 b - a potion of magic
 c - 4 potions of curing {@q1}
 h - a potion of brilliance {unknown}
 j - 2 potions of haste {unknown}
 k - a potion of flight {unknown}

Dungeon Overview and Level Annotations

Branches:
Dungeon (4/15) Zot: 19977
 Temple: D:4-7

Altars:
Cheibriados
Xom
Zin
The Shining One

##### #...#######
#.#.)...... ###
#...######. ##.## ##.## #.
#####...#####.# #.
#####.............## #.
#.....###@.........## #.
#.###.#.O...........# #.
#.# #.#.##..####.#..#####.
#.###.#. #..####.#........
#.....#. #..#.......).####
###.###.....#.##.##.#.....
#.# #.##.##.##.##.######
#.# #.##.##.##.##.### #
#.# #.##.##.##......# #


You could see an ogre (combustible).


Message History

You can't see any susceptible monsters within range! (Use Z to cast anyway.)
You see here a +0 flail.
A goblin comes into view. It is wielding a +0 dagger.
The goblin moves out of view. 😎 MP[+3]
You regained 3 mp, and now have 10/12 mp.
A goblin is nearby!
A goblin is nearby!
A goblin is nearby!
Casting: Scorch (safe; 3% risk of failure)
Confirm with . or Enter, or press ? or * to list all spells.
You feel a surge of power!
You conjure some foxfire!
The goblin shouts!
The foxfire hits the goblin. x2
You kill the goblin!
Casting: Foxfire (safe; 2% risk of failure)
Confirm with . or Enter, or press ? or * to list all spells.
You feel a surge of power!
You miscast Foxfire.
You are very lightly contaminated with residual magic.
Nothing appears to happen. 😎 MP[-1]
You lost 1 mp, and now have 9/12 mp.
Your magical contamination has completely faded away. 😎 MP[+1]
p - a throwing net {=f!f} An endoplasm comes into view. 😎 MP[+2]
Your mp is fully restored (12).
An endoplasm is nearby!
An endoplasm is nearby!
An endoplasm is nearby!
Casting: Foxfire (safe; 2% risk of failure)
Confirm with . or Enter, or press ? or * to list all spells.
You feel a surge of power!
You conjure some foxfire! 😎 MP[-1]
You lost 1 mp, and now have 11/12 mp.
Casting: Foxfire (safe; 2% risk of failure)
Confirm with . or Enter, or press ? or * to list all spells.
You feel a surge of power!
You conjure some foxfire!
The endoplasm quivers.
The foxfire hits the endoplasm.
The foxfire hits the endoplasm.
You kill the endoplasm!
A goblin comes into view. It is wielding a +0 dagger.
The goblin shouts! 😎 MP[+1]
Your mp is fully restored (12).
A goblin is nearby!
A goblin is nearby!
Casting: Foxfire (safe; 2% risk of failure)
Confirm with . or Enter, or press ? or * to list all spells.
You feel a surge of power!
You conjure some foxfire!
The foxfire hits the goblin!
You kill the goblin! 😎 MP[-1]
You lost 1 mp, and now have 11/12 mp.
Casting: Foxfire (safe; 2% risk of failure)
Confirm with . or Enter, or press ? or * to list all spells.
You feel a surge of power!
You conjure some foxfire! 😎 MP[-1]
You lost 1 mp, and now have 10/12 mp.
Things that are here:
a +0 dagger; a goblin corpse
Y - a +4 ring of slaying 😎 MP[+2]
Your mp is fully restored (12).
There is a stone staircase leading down here.
Key pressed, stopping explore.
Unknown command.
Things that are here:
a +0 robe; a +0 dagger of holy wrath; a +0 dagger You see here a +0 club.
There is a stone staircase leading up, spattered with blood here.
Things that are here:
a +0 spear; a +0 spear A worm comes into view.
A worm is nearby!
A worm is nearby!
Casting: Foxfire (safe; 2% risk of failure)
Confirm with . or Enter, or press ? or * to list all spells.
You feel a surge of power!
You conjure some foxfire!
The foxfire hits the ogre. 😎 MP[-1]
You lost 1 mp, and now have 11/12 mp.
Casting: Foxfire (safe; 2% risk of failure)
Confirm with . or Enter, or press ? or * to list all spells.
You feel a surge of power!
You conjure some foxfire!
The ogre hits you with a +0 giant spiked club!
The foxfire hits the ogre. x2; The ogre misses you. 😮 HP[-11] MP[-1]
You take 11 damage, and now have 21/32 hp.
MASSIVE DAMAGE!! (PAUSE)
You lost 1 mp, and now have 10/12 mp.
Casting: Foxfire (safe; 2% risk of failure)
Confirm with . or Enter, or press ? or * to list all spells.
You feel a surge of power!
Flames lash the ogre.
The ogre's fire resistance burns away.
The ogre hits you with a +0 giant spiked club!!
Ouch! That really hurt!
You die...

Skill      XL: |  1  2  3  4  5  6 |
---------------+-------------------+-----
Conjurations   | 2 3 4 |  4.5
Fire Magic     | 4 5 |  5.0
Spellcasting   | 3 |  3.6
Hexes          | 1 |  1.4
Dodging        | |  2.1
Stealth        | |  2.0

Action                     |  1- 3 |  4- 6 || total
---------------------------+-------+-------++-------
  Melee: Unarmed           |     1 |       ||     1
   Cast: Foxfire           |    73 |   106 ||   179
         Scorch            |       |    11 ||    11
    Use: Scroll            |     2 |     3 ||     5
 Armour: Robe              |     1 |     5 ||     6
  Dodge: Dodged            |     5 |    40 ||    45

Levels and vault maps discovered:
D:1:      lemuel_arrival_funnel, layout_basic, serial_bayou,
          serial_bayou_pond_b, serial_bayou_pond_c, serial_bayou_pond_c,
          serial_bayou_ford_a, st_stairs_1, minmay_circled_x
D:2:      layout_rooms, dreamdust_ecumenical_altar_drowned_temple,
          grunt_decor_mini_mirrors, minmay_door_square
D:3:      layout_basic, mainiacjoe_overflow_alcove_3, minmay_misc_feat_roman
D:4:      layout_loops_ring

Notes
Turn   | Place    | Note
-------+----------+-------------------------------------------
     0 | D:1      | kae the Tengu Fire Elementalist began the quest for the
                  | Orb.
     0 | D:1      | Reached XP level 1. HP: 10/10 MP: 4/4
     0 | D:1      | magus.rc [v1.11.3]
     3 | D:1      | You pick up a book of Spatial Translocations and begin
                  | reading...
     3 | D:1      | You add the spells Blink, Momentum Strike and Lesser
                  | Beckoning to your library.
   123 | D:1      | You pick up a book of Conjurations and begin reading...
   123 | D:1      | You add the spells Magic Dart, Searing Ray and Fulminant
                  | Prism to your library.
   136 | D:1      | Reached XP level 2. HP: 15/15 MP: 3/6
   139 | D:1      | Reached skill level 2 in Conjurations
   355 | D:1      | HP: 2/15 [cloud of steam (8)]
   714 | D:1      | Reached XP level 3. HP: 19/19 MP: 4/7
  1294 | D:2      | Reached skill level 4 in Fire Magic
  1327 | D:2      | Reached skill level 3 in Conjurations
  1383 | D:2      | Reached XP level 4. HP: 24/24 MP: 2/9
  1523 | D:2      | Found a faded altar of an unknown god.
  1829 | D:2      | Identified the +5 mace "Xoihotufe" {spect, rC++}
  2252 | D:3      | Learned a level 2 spell: Scorch
  2256 | D:3      | Learned a level 3 spell: Inner Flame
  2353 | D:3      | Found a glowing golden altar of the Shining One.
  2353 | D:3      | Found a glowing silver altar of Zin.
  2364 | D:3      | Found a snail-covered altar of Cheibriados.
  2365 | D:3      | Found a shimmering altar of Xom.
  2740 | D:4      | Noticed an ogre
  2855 | D:4      | Noticed a scorpion
  2863 | D:4      | Killed a scorpion
  2864 | D:4      | Reached skill level 3 in Spellcasting
  2864 | D:4      | Gained mutation: Your magical nature lets you fly swiftly
                  | and evasively. [Tengu growth]
  2864 | D:4      | Reached XP level 5. HP: 28/28 MP: 5/10
  3047 | D:4      | Reached skill level 4 in Conjurations
  3161 | D:3      | Reached skill level 1 in Hexes
  3249 | D:3      | Reached XP level 6. HP: 21/32 MP: 6/12
  3695 | D:4      | Reached skill level 5 in Fire Magic
  4032 | D:4      | Mangled by an ogre

Vanquished Creatures
  A scorpion (D:4)
  A hound (D:4)
  A gnoll bouda (D:3)
  An orc wizard (D:4)
  5 gnolls
  3 adders
  A worm (D:2)
  2 dart slugs
  4 orcs
  7 ball pythons
  12 endoplasms
  2 giant cockroaches
  15 goblins
  5 hobgoblins
  8 jackals
  8 kobolds
  2 quokkas (D:4)
  4 bats
  3 frilled lizards
  8 rats
  A spectral hobgoblin (D:2)
94 creatures vanquished.

Vanquished Creatures (collateral kills)
  13 foxfires (D:1)
13 creatures vanquished.

Vanquished Creatures (others)
  293 foxfires
  8 plants (D:1)
301 creatures vanquished.

Grand Total: 408 creatures vanquished

Table legend:
 A = Non-vault XP
 B = Vault XP
 C = Vault XP percentage of total XP
 D = Non-vault monster count
 E = Vault monster count
 F = Vault count percentage of total count
                 A         B        C        D         E       F
            +---------+---------+-------+---------+---------+-------
      Total |     447 |      13 |   2.8 |      85 |       9 |   9.6
            +---------+---------+-------+---------+---------+-------
        D:1 |      38 |      12 |  24.0 |      22 |       8 |  26.7
        D:2 |      49 |       1 |   2.0 |      20 |       1 |   4.8
        D:3 |     110 |       0 |   0.0 |      16 |       0 |   0.0
        D:4 |     250 |       0 |   0.0 |      27 |       0 |   0.0
            +---------+---------+-------+---------+---------+-------

Illustrated notes

Table legend:
 A = Kills in this place as a percentage of kills in entire the game.
 B = Kills by you in this place as a percentage of kills by you in the entire game.
 C = Kills by friends in this place as a percentage of kills by friends in the entire game.
 D = Other kills in this place as a percentage of other kills in the entire game.
 E = Experience gained in this place as a percentage of experience gained in the entire game.
 F = Experience gained in this place divided by the number of levels of this place that you have seen.
                   A       B       C       D       E      F
               +-------+-------+-------+-------+-------+----------------------
         Total | 100.0 | 100.0 |   N/A |   N/A | 100.0 | 115.0
       Dungeon | 100.0 | 100.0 |   N/A |   N/A | 100.0 | 115.0
               +-------+-------+-------+-------+-------+----------------------

Table legend: (Time is in decaauts)
 A = Elapsed time spent in this place.
 B = Non-inter-level travel time spent in this place.
 C = Inter-level travel time spent in this place.
 D = Time resting spent in this place.
 E = Time spent auto-exploring this place.
 F = Levels seen in this place.
 G = Mean time per level.
                   A        B        C        D        E       F      G
               +--------+--------+--------+--------+--------+-----+--------+
         Total |   4021 |   3860 |    161 |    300 |   2957 |   4 | 1005.2 |
       Dungeon |   4021 |   3860 |    161 |    300 |   2957 |   4 | 1005.2 |
               +--------+--------+--------+--------+--------+-----+--------+

Top non-repeatable levels by time:
     D:1: 1275 daAuts
     D:3: 1081 daAuts
     D:4: 876 daAuts
     D:2: 787 daAuts
